 Dungeon Crawl Stone Soup version 0.30-a0-540-g0af01429fa (webtiles) character file.

Game seed: 7100507069245867723

24995 purpskrrrp the Crack Shot (level 12, -4/54 HPs)
             Began as a Deep Elf Hunter on Dec 25, 2022.
             Was an Elder of Hepliaklqana.
             Slain by a freezing wraith (10 damage)
             ... on level 14 of the Dungeon on Dec 26, 2022.
             The game lasted 00:34:44 (12768 turns).

purpskrrrp the Crack Shot (Deep Elf Hunter)        Turns: 12768, Time: 00:34:45

Health: -4/54      AC:  8    Str:  7    XL:     12   Next: 85%
Magic:  14/14      EV: 26    Int: 15    God:    Hepliaklqana [****..]
Gold:   607        SH:  5    Dex: 21    Spells: 11/11 levels left

rFire   + . .      SeeInvis .    J - +2 arbalest (drain)
rCold   + . .      Faith    .    (shield currently unavailable)
rNeg    + + +      Spirit   .    l - +3 leather armour {rC+}
rPois   .          Reflect  +    (helmet restricted)
rElec   .          Harm     .    F - +0 cloak
rCorr   .          Rampage  .    b - +0 pair of gloves of Compression {rF+ rN+++ Int-5}
Will    +....      Clarity  +    (no boots)
Stlth   +++                      j - amulet of reflection
HPRegen 0.29/turn                r - +4 ring of evasion
MPRegen 0.14/turn                n - ring of wizardry

@: slowed, very slow
A: reduced essence, horns 1, clarity, clever 1
a: Renounce Religion, Recall Ancestor, Ancestor Identity, Transference, Idealise


You were on level 14 of the Dungeon.
You worshipped Hepliaklqana.
Hepliaklqana was greatly pleased with you.
You visited 2 branches of the dungeon, and saw 15 of its levels.

You collected 854 gold pieces.
You spent 247 gold pieces at shops.

Inventory:

Hand Weapons
 a - a +0 shortbow
 J - a +2 arbalest of draining (weapon)
 O - a +0 vorpal arbalest
Missiles
 f - 35 poisoned darts
 i - 15 boomerangs
 u - 8 curare-tipped darts
 N - 2 throwing nets
Armour
 b - the +0 pair of gloves of Compression (worn) {rF+ rN+++ Int-5}
   (You found it on level 11 of the Dungeon)

   Int:       It affects your intelligence (-5).
   rF:        It protects you from fire.
   rN:        It renders you almost immune to negative energy.
 c - a +0 leather armour
 l - a +3 leather armour of cold resistance (worn)
 t - a +0 pair of gloves
 F - a +0 cloak (worn)
Jewellery
 h - an amulet of the acrobat
 j - an amulet of reflection (around neck)
 n - a ring of wizardry (right hand)
 r - a +4 ring of evasion (left hand)
 v - a ring of see invisible
 w - a +6 ring of strength
 D - a ring of poison resistance
 G - a ring of flight
 I - a ring of protection from fire
 K - the ring "Jeunum" {rC+ Int+3 Dex+6}
   (You took it off a centaur on level 11 of the Dungeon)

   [ring of dexterity]

   Int:       It affects your intelligence (+3).
   Dex:       It affects your dexterity (+6).
   rC:        It protects you from cold.
 Q - an amulet of faith
Wands
 o - a wand of mindburst (11)
 x - a wand of polymorph (17)
 B - a wand of iceblast (14)
 H - a wand of light (10)
 M - a wand of flame (9)
Scrolls
 d - 2 scrolls of teleportation
 q - 2 scrolls of silence
 y - a scroll of poison
Potions
 e - a potion of brilliance
 g - a potion of resistance
 k - a potion of ambrosia
 p - 2 potions of flight
 s - 6 potions of curing
 z - 4 potions of attraction
 A - 3 potions of berserk rage
 C - a potion of magic
 L - 3 potions of haste
 P - a potion of mutation


   Skills:
 - Level 1.5 Fighting
 * Level 22.4 Ranged Weapons
 + Level 14.6 Dodging
 + Level 5.5 Stealth


You had 11 spell levels left.
You didn't know any spells.
Your spell library contained the following spells:

 Spells                   Type           Power      Damage    Failure   Level
 Gell's Gravitas          Tloc           0%         N/A       43%         3
 Lesser Beckoning         Tloc           0%         N/A       43%         3
 Teleport Other           Tloc           0%         N/A       43%         3


Dungeon Overview and Level Annotations

Branches:
Dungeon (14/15) Temple (1/1) D:5 Lair (0/5) D:11 Orc (0/2) D:11 Vaults (0/5) D:13 D:14

Altars:
Ashenzari
Cheibriados
Dithmenos
Elyvilon
Fedhas
Gozag
Hepliaklqana
Kikubaaqudgha
Makhleb
Nemelex Xobeh
Okawaru
Qazlal
Ru
Sif Muna
Trog
Uskayaw
Vehumet
Wu Jian
Xom
Yredelemnul
Zin
The Shining One

Shops:
D:1 (   D:6 *   D:7 *

Portals:
Ice
Cave: D:14

Annotations:
D:4 1 runed translucent door


Innate Abilities, Weirdness & Mutations

Your life essence is reduced to manifest your ancestor. (-10% HP)
You have a pair of small horns on your head.
You possess an exceptional clarity of mind.
Your mind is acute. (Int +4, Str/Dex -1)


Message History

The human is moderately wounded.
You feel yourself speed up.
The freezing wraith completely misses you. x2
You block the human's attack. The human hits you.
The freezing wraith barely misses you. The freezing wraith misses you.
The human misses you. The human completely misses you.
You shoot a bolt. The bolt closely misses the human.
The freezing wraith completely misses you.
The freezing wraith closely misses you. The human barely misses you.
The human completely misses you.
You shoot a bolt. The bolt hits the freezing wraith!!
The freezing wraith is moderately damaged.
The freezing wraith hits you. The freezing wraith freezes you! You resist.
The freezing wraith hits you!
* * * LOW HITPOINT WARNING * * *
The freezing wraith drains your vigour!
You feel yourself slow down. The human completely misses you. x2
You shoot a bolt.
The bolt barely misses the freezing wraith.
The freezing wraith hits you.
* * * LOW HITPOINT WARNING * * *
The freezing wraith freezes you. You resist.
* * * LOW HITPOINT WARNING * * *
The freezing wraith barely misses you. The human hits you.
* * * LOW HITPOINT WARNING * * *
The human barely misses you.
The freezing wraith completely misses you.
The freezing wraith misses you. The human misses you.
The human barely misses you.
You shoot a bolt.
The bolt closely misses the freezing wraith.
The human completely misses you. The human hits you but does no damage.
The freezing wraith closely misses you. The freezing wraith misses you.
You shoot a bolt.
The bolt barely misses the freezing wraith.
You hear the steady crackling of a melting archway very nearby.
You block the freezing wraith's attack. The freezing wraith misses you.
The human closely misses you. The human misses you.
The freezing wraith hits you!
You die...

############# #### ###
........... ..... .. #......$.#
#..... # ###... #...##...... #
......##..p#....... .#####
......#..pp@....... ......
........###W###.... ......
........# #.# #.. . ######
#+####'#.....# #.# #.#######.....
..#..........# ... #.............
.............# ... #....†..(.....
.............##...##......####'##
.pcpp..p.###..##∩##..##...# ....
p..............###..###...+ #....


You could see a freezing wraith and 3 humans.

Vanquished Creatures
  An azure jelly (D:14)
  A boulder beetle (D:12)
  A two-headed ogre (D:12)
  Sonja (D:11)
  2 deep elf pyromancers
  An ugly thing (D:13)
  2 manticores
  3 cyclopes
  A komodo dragon (D:12)
  2 freezing wraiths
  3 meliai (D:13)
  4 slime creatures (D:12)
  2 wyverns
  3 humans
  A shadow (D:9)
  A wraith (D:13)
  16 yaks
  The ghost of arthad the Chopper, an amateur GnRe (D:4)
  2 basilisks (D:11)
  5 vampire mosquitoes
  An acid dragon (D:10)
  3 water moccasins
  An orc warrior (D:9)
  3 ice beasts
  A sky beast (D:6)
  A black bear (D:7)
  2 ogres
  8 centaurs
  A kobold brigand (D:8)
  2 phantoms
  A bullfrog (D:6)
  A necrophage (D:8)
  A scorpion (D:6)
  8 wights
  A howler monkey (D:6)
  An electric eel (D:8)
  3 hounds
  10 orc priests
  A jelly (D:6)
  2 gnoll boudas
  2 iguanas
  9 orc wizards
  12 gnolls
  4 adders
  2 white imps
  2 worms
  4 dart slugs
  43 orcs
  3 bats
  8 endoplasms
  3 giant cockroaches
  13 goblins
  4 hobgoblins
  10 jackals (D:4)
  19 kobolds
  5 quokkas
  11 ball pythons
  A frilled lizard (D:2)
  8 rats
268 creatures vanquished.

Vanquished Creatures (collateral kills)
  3 boulder beetles
  A two-headed ogre (D:13)
  Nergalle (D:10)
  The ghost of oldriver the Covert, a novice NaAr (D:5)
  2 ugly things (D:11)
  A cyclops (D:14)
  Psyche (D:12)
  A kobold demonologist (D:12)
  3 trolls
  2 slime creatures (D:12)
  A shadow (D:10)
  A wyvern (D:9)
  A human (D:14)
  5 vampire mosquitoes
  5 yaks
  3 water moccasins (D:11)
  A swamp drake (D:11)
  3 orc warriors (D:11)
  5 centaurs
  A kobold brigand (D:10)
  A gnoll bouda (D:10)
  An iguana (D:11)
  5 orc wizards
  A white imp (D:7)
  9 orcs
  A kobold (D:10)
60 creatures vanquished.

Vanquished Creatures (others)
  9 battlemagi
  5 ancestors
  2 bushes (D:11)
  3 fungi (D:11)
  53 plants
72 creatures vanquished.

Grand Total: 400 creatures vanquished

Notes
Turn   | Place    | Note
-------+----------+-------------------------------------------
     0 | D:1      | purpskrrrp the Deep Elf Hunter began the quest for the Orb.
     0 | D:1      | Reached XP level 1. HP: 12/12 MP: 3/3
    82 | D:1      | Found Uruckuqa's Antique Weapon Emporium.
   145 | D:1      | Reached skill level 6 in Ranged Weapons
   145 | D:1      | Reached XP level 2. HP: 16/16 MP: 4/4
   710 | D:2      | Reached XP level 3. HP: 20/20 MP: 5/5
   816 | D:2      | Reached skill level 7 in Ranged Weapons
  1195 | D:3      | Reached XP level 4. HP: 25/25 MP: 6/6
  1766 | D:3      | Reached skill level 8 in Ranged Weapons
  2370 | D:4      | Reached XP level 5. HP: 29/29 MP: 7/7
  2629 | D:4      | Found a runed translucent door.
  2630 | D:4      | Noticed arthad's ghost (amateur GnRe)
  2931 | D:4      | Noticed a phantom
  2957 | D:4      | Killed a phantom
  2958 | D:4      | Reached skill level 9 in Ranged Weapons
  3069 | D:4      | Found a runed translucent door.
  3118 | D:4      | Reached XP level 6. HP: 34/34 MP: 8/8
  3129 | D:4      | Killed arthad's ghost
  3345 | D:4      | Gained mutation: You are somewhat resistant to further
                  | mutation. [potion of mutation]
  3346 | D:4      | Lost mutation: You are somewhat resistant to further
                  | mutation. [potion of mutation]
  3346 | D:4      | Gained mutation: You possess an exceptional clarity of
                  | mind. [potion of mutation]
  3346 | D:4      | Gained mutation: You have a pair of small horns on your
                  | head. [potion of mutation]
  3346 | D:4      | Gained mutation: Your mind is acute. (Int +4, Str/Dex -1)
                  | [potion of mutation]
  3400 | D:5      | Entered Level 5 of the Dungeon
  3425 | D:5      | Found a large runed translucent door.
  3426 | D:5      | Found a large runed translucent door.
  3428 | D:5      | Noticed oldriver's ghost (novice NaAr)
  3584 | D:5      | Found a staircase to the Ecumenical Temple.
  3627 | D:5      | Found a large runed translucent door.
  3628 | D:5      | Found a large runed translucent door.
  3821 | D:5      | Identified the +0 flail of Ylaf {vorpal, rF+}
  4134 | D:5      | Killed oldriver's ghost
  4135 | D:5      | Reached skill level 11 in Ranged Weapons
  4135 | D:5      | Reached skill level 5 in Dodging
  4135 | D:5      | Reached XP level 7. HP: 38/38 MP: 9/9
  4166 | D:5      | Found a radiant altar of Vehumet.
  4181 | D:5      | Reached XP level 8. HP: 38/43 MP: 10/10
  4199 | D:5      | Found an ornate altar of the Wu Jian Council.
  4223 | Temple   | Entered the Ecumenical Temple
  4414 | Temple   | Became a worshipper of Hepliaklqana the Forgotten
  4533 | D:6      | Reached skill level 12 in Ranged Weapons
  4702 | D:6      | Found Fouseedov's Assorted Antiques.
  4718 | D:6      | Bought a cabochon ring for 180 gold pieces
  4752 | D:6      | Reached * piety under Hepliaklqana
  5247 | D:6      | Reached skill level 13 in Ranged Weapons
  5668 | D:7      | Reached XP level 9. HP: 35/42 MP: 11/11
  5671 | D:7      | Reached skill level 14 in Ranged Weapons
  5824 | D:7      | Found Udiolawn's Neck Hole.
  6832 | D:8      | Reached skill level 15 in Ranged Weapons
  7678 | D:7      | Bought a +0 cloak for 67 gold pieces
  7715 | D:9      | Noticed a troll
  7715 | D:9      | Reached ** piety under Hepliaklqana
  7718 | D:8      | Remembered your ancestor Busisiwe as a battlemage
  7765 | D:9      | Reached skill level 16 in Ranged Weapons
  7770 | D:9      | Reached XP level 10. HP: 33/46 MP: 12/12
  7890 | D:9      | Reached skill level 10 in Dodging
  8299 | D:9      | Found a snail-covered altar of Cheibriados.
  8300 | D:9      | Found a white marble altar of Elyvilon.
  8360 | D:9      | Reached skill level 17 in Ranged Weapons
  8422 | D:10     | Entered Level 10 of the Dungeon
  8697 | D:10     | Reached *** piety under Hepliaklqana
  9104 | D:10     | Noticed Nergalle
  9120 | D:10     | Killed Nergalle
  9121 | D:10     | Reached skill level 18 in Ranged Weapons
  9573 | D:11     | Noticed a purple ugly thing
  9581 | D:11     | Killed a purple ugly thing
  9582 | D:11     | Reached XP level 11. HP: 50/50 MP: 13/13
  9863 | D:11     | Found a staircase to the Orcish Mines.
  9949 | D:11     | Noticed a purple ugly thing
  9959 | D:11     | Killed a purple ugly thing
 10033 | D:11     | Reached skill level 19 in Ranged Weapons
 10061 | D:11     | Noticed Sonja
 10076 | D:11     | Killed Sonja
 10140 | D:11     | Found a staircase to the Lair.
 10349 | D:11     | Found a blossoming altar of Fedhas.
 10425 | D:11     | Noticed a boulder beetle
 10438 | D:11     | Killed a boulder beetle
 10439 | D:11     | Reached skill level 20 in Ranged Weapons
 10609 | D:11     | Identified the +0 pair of gloves of Compression {rF+ rN+++
                  | Int-5}
 10651 | D:11     | Identified the ring "Jeunum" {rC+ Int+3 Dex+6}
 10948 | D:12     | Noticed a boulder beetle
 10954 | D:12     | Killed a boulder beetle
 10983 | D:12     | Noticed a boulder beetle
 10993 | D:12     | Killed a boulder beetle
 11057 | D:12     | Noticed Psyche
 11061 | D:12     | Killed Psyche
 11083 | D:12     | Noticed a deep elf pyromancer
 11084 | D:12     | Noticed a two-headed ogre
 11092 | D:12     | Reached XP level 12. HP: 50/54 MP: 14/14
 11098 | D:12     | Killed a two-headed ogre
 11102 | D:12     | Reached skill level 21 in Ranged Weapons
 11672 | D:13     | Noticed a boulder beetle
 11677 | D:13     | Killed a boulder beetle
 11965 | D:13     | Reached **** piety under Hepliaklqana
 12154 | D:13     | Reached skill level 22 in Ranged Weapons
 12522 | D:14     | Noticed a centaur warrior
 12522 | D:14     | Noticed a two-headed ogre
 12522 | D:14     | Found a gate to the Vaults.
 12526 | D:14     | HP: 2/54 [centaur warrior/arrow (16)]
 12532 | D:13     | Killed a two-headed ogre
 12709 | D:14     | Reached skill level 5 in Stealth
 12750 | D:14     | Found a frozen archway.
 12750 | D:14     | Noticed an azure jelly
 12756 | D:14     | Killed an azure jelly
 12768 | D:14     | Slain by a freezing wraith

Illustrated notes

Levels and vault maps discovered:
D:1:      minmay_arrival_doors, layout_basic, serial_shops, shop
D:2:      layout_rooms
D:3:      layout_loops_cross, uniq_robin
D:4:      layout_loops_ring, ebering_ghost_sewer_f, minmay_joined_circles
D:5:      layout_loops_ring, jmf_multi_god_temple2,
          minmay_temple_entry_statues_pillars, ebering_ghost_disaster_area,
          kennysheep_small_spiral
D:6:      layout_cave_pods, serial_shops, shop, kennysheep_generic_room_7
D:7:      layout_basic, nicolae_shop_sticking_my_neck_out
D:8:      layout_loops_cross, serial_bayou, serial_bayou_lake_a,
          serial_bayou_shore_b, serial_bayou_pond_a, serial_bayou_ford_a
D:9:      layout_cave_pools, gammafunk_temple_overflow_pools
D:10:     layout_loops_ring, uniq_nergalle
D:11:     layout_irregular_city, minmay_lair_entry_grove, erik_orc_1,
          serial_column_ruins, column_ruins_hut, column_ruins_square_small,
          column_ruins_grid_1, column_ruins_open_medium,
          column_ruins_columns_straight, column_ruins_corridor_corner,
          column_ruins_open_tiny, fedhas_bush_and_centaur_altar, uniq_sonja
D:12:     layout_roguey, grunt_ministairs_2, uniq_psyche
D:13:     layout_stronghold
D:14:     layout_stronghold, david_vaults_3,
          portal_ice_cave_entry_frozen_things, nicolae_figureground_sparkle
Temple:   regret_index_temple_mists

Skill      XL: |  1  2  3  4  5  6  7  8  9 10 11 12 |
---------------+-------------------------------------+-----
Ranged Weapons | 6 7 8 9 11 13 16 18 20 22 | 22.4
Dodging        | 3 5 6 7 9 11 13 14 | 14.6
Stealth        | 5 |  5.5
Fighting       | |  1.5

Action                   |  1- 3 |  4- 6 |  7- 9 | 10-12 || total
-------------------------+-------+-------+-------+-------++-------
Melee: Shortbow          |       |     1 |       |       ||     1
 Fire: Shortbow          |    93 |   163 |   397 |   304 ||   957
       Arbalest          |       |       |       |   192 ||   192
Invok: Ancestor Life: Ba |       |       |     1 |       ||     1
Evoke: Wand              |       |       |     1 |       ||     1
  Use: Scroll            |     4 |    12 |     5 |    13 ||    34
       Potion            |     1 |     2 |     3 |     6 ||    12
Armor: Leather armour    |     4 |    16 |    16 |    14 ||    50
Dodge: Dodged            |    14 |    42 |   113 |   187 ||   356
Block: Other             |       |    13 |    34 |    40 ||    87
       Reflection        |       |     2 |     3 |     8 ||    13

Table legend: (Time is in decaauts)
 A = Elapsed time spent in this place.
 B = Non-inter-level travel time spent in this place.
 C = Inter-level travel time spent in this place.
 D = Time resting spent in this place.
 E = Time spent auto-exploring this place.
 F = Levels seen in this place.
 G = Mean time per level.
                   A        B        C        D        E       F      G
               +--------+--------+--------+--------+--------+-----+--------+
         Total |  12796 |  11966 |    830 |   1834 |   7988 |  15 |  853.1 |
       Dungeon |  12521 |  11701 |    820 |   1834 |   7821 |  14 |  894.4 |
        Temple |    274 |    265 |      9 |      0 |    167 |   1 |  274.0 |
               +--------+--------+--------+--------+--------+-----+--------+

Top non-repeatable levels by time:
     D:7: 1318 daAuts
     D:4: 1293 daAuts
    D:10: 1263 daAuts
    D:11: 1211 daAuts
     D:3: 989 daAuts
     D:6: 986 daAuts
     D:8: 975 daAuts
    D:13: 964 daAuts
     D:5: 838 daAuts
    D:12: 715 daAuts
     D:1: 661 daAuts
     D:9: 646 daAuts
     D:2: 499 daAuts
  Temple: 274 daAuts
    D:14: 156 daAuts
